 Dungeon Crawl Stone Soup version 0.22-a0-447-gee5f723 (webtiles) character file.

4396 iamserjio the Cleaver (level 10, -4/110 HPs)
             Began as an Ogre Fighter on June 3, 2018.
             Was a Believer of Okawaru.
             Killed from afar by Erica (26 damage)
             ... with a bolt of poison
             ... on level 8 of the Dungeon.
             The game lasted 00:20:16 (12273 turns).

iamserjio the Cleaver (Ogre Fighter)               Turns: 12273, Time: 00:20:17

Health: -4/110     AC:  7    Str: 22    XL:     10   Next: 35%
Magic:  13/13      EV: 10    Int:  9    God:    Okawaru [**....]
Gold:   467        SH: 10    Dex: 11    Spells: 9/9 levels left

rFire    . . .     SeeInvis .   a - +2 war axe
rCold    . . .     Gourm    +   c - +0 shield
rNeg     . . .     Faith    .   e - +1 robe {MR+}
rPois    .         Spirit   .   (helmet restricted)
rElec    .         Reflect  .   d - +2 cloak
rCorr    +         Harm     .   (gloves unavailable)
MR       ++...                  (boots unavailable)
Stlth    +.........             n - amulet of the gourmand
HPRegen  0.28/turn              g - ring of resist corrosion
MPRegen  0.13/turn              (no ring)

@: lethally poisoned (-4 -> -20)
A: large, unfitting armour, tough skin 1
a: Heroism, Renounce Religion


You were on level 8 of the Dungeon.
You worshipped Okawaru.
Okawaru was pleased with you.
You were not hungry.

You visited 2 branches of the dungeon, and saw 9 of its levels.
You also visited: Sewer.

You collected 467 gold pieces.

Inventory:

Hand Weapons
 a - a +2 war axe (weapon)
 i - a +0 hand axe
 x - a +1 flail of protection
Missiles
 j - 148 stones (quivered)
 y - 7 javelins
Armour
 b - a +0 robe
 c - a +0 shield (worn)
 d - a +2 cloak (worn)
 e - a +1 robe of magic resistance (worn)
Jewellery
 g - a ring of resist corrosion (left hand)
 n - an amulet of the gourmand (around neck)
Wands
 r - a wand of clouds (4)
 v - a wand of polymorph (7)
 D - a wand of paralysis (17)
Scrolls
 o - 4 scrolls of random uselessness {unknown}
 s - 3 scrolls of magic mapping {unknown}
 t - a scroll of immolation {unknown}
 u - 8 scrolls of remove curse
 w - a scroll of blinking
 z - a scroll of enchant weapon
 A - a scroll of teleportation {unknown}
 B - a scroll of amnesia {unknown}
Potions
 h - a potion of ambrosia {unknown}
 k - 2 potions of lignification
 l - 2 potions of degeneration {unknown}
 m - 2 potions of heal wounds {unknown}
 p - 3 potions of berserk rage
 q - 2 potions of haste
 C - 3 potions of curing
Comestibles
 f - 9 rations


   Skills:
 + Level 10.1 Fighting
 * Level 10.2 Axes
 - Level 3.0 Dodging
 + Level 7.1 Shields
 - Level 4.0 Invocations


You had 9 spell levels left.
You didn't know any spells.
Your spell library was empty.

Dungeon Overview and Level Annotations

Branches:
Dungeon (8/15)             Temple (1/1) D:4
   Lair: D:8-11

Altars:
Ashenzari
Cheibriados
Dithmenos
Elyvilon
Fedhas
Kikubaaqudgha
Nemelex Xobeh
Okawaru
Qazlal
Ru
Sif Muna
Trog
Uskayaw
Vehumet
Wu Jian
Xom
Zin
The Shining One

Shops:
D:7 [

Annotations:
D:8 Erica


Innate Abilities, Weirdness & Mutations

You are too large for most types of armour.
You have tough skin. (AC +1)


Message History

The adder bites you but does no damage.
You slash the adder!
You kill the adder!
Okawaru accepts your kill.
Erica the Fiery-Tempered comes into view.
She is wielding a scimitar of flaming.
Erica shouts!
You see here an adder corpse.
You see here an adder corpse.
Erica points at you and mumbles some strange words.
The bolt of poison hits you!
You are poisoned.
* * * LOW HITPOINT WARNING * * *
Things that are here:
a giant spiked club; a giant club You feel sick.
You feel sick. Erica casts a spell at you. The bolt of poison hits you!
You are more poisoned.
You die...

...... #..........# .......
#..........# ........#
##.)........#
........######...........#
#...............#........##
#............####........##
#...........# ##..........#
.#...........###.........>.#
...........@.).†@........).#
.......##..######...........
#......##..#### #...........
..............# ##.....)....
..............# ##.........
..##..........# #.##......
#...##.#.##.........##......
... ......####$.###.........
....##...... <... ..#......


You could see Erica.

Vanquished Creatures
  2 two-headed ogres
  Grinder (D:3)
  Edmund (D:4)
  The ghost of ArgaWasAlreadyTaken the Chopper, an amateur GrFi (D:4)
  2 orc warriors (D:7)
  A sky beast (D:5)
  An ice beast (D:6)
  A phantom (D:7)
  A black bear (D:7)
  3 ogres
  2 centaurs
  Blork the orc (D:4)
  3 bullfrogs
  A wyvern zombie (D:8)
  2 scorpions
  A howler monkey (D:6)
  A crimson imp (D:7)
  2 centaur zombies
  A quasit (D:7)
  A centaur skeleton (D:8)
  2 jellies
  2 bullfrog skeletons
  3 orc priests
  5 hounds
  2 iguanas (D:4)
  Natasha (thrice) (D:2)
  Crazy Yiuf (D:2)
  Jessica (D:2)
  4 orc wizards
  8 worker ants
  Robin (D:2)
  14 adders
  4 shadow imps
  2 oozes
  2 adder skeletons
  5 worms
  4 dart slugs
  8 leopard geckos
  15 orcs
  10 giant cockroaches
  14 goblins
  10 hobgoblins
  6 jackals
  6 kobolds
  8 quokkas
  9 ball pythons
  2 bats (D:1)
  13 frilled lizards
  4 rats
197 creatures vanquished.

Notes
Turn   | Place    | Note
-------+----------+-------------------------------------------
     0 | D:1      | iamserjio the Ogre Fighter began the quest for the Orb.
     0 | D:1      | Reached XP level 1. HP: 24/24 MP: 1/1
   506 | D:1      | Reached XP level 2. HP: 32/32 MP: 2/2
  1308 | D:1      | Reached XP level 3. HP: 40/40 MP: 3/3
  2241 | D:2      | Noticed Jessica
  2255 | D:2      | Killed Jessica
  2255 | D:2      | Reached XP level 4. HP: 10/49 MP: 4/4
  2628 | D:2      | Noticed Natasha
  2665 | D:2      | Killed Natasha
  2665 | D:2      | Reached XP level 5. HP: 3/55 MP: 5/5
  3031 | D:2      | Noticed Natasha
  3044 | D:2      | Killed Natasha
  3044 | D:2      | Reached skill level 5 in Fighting
  3604 | D:2      | Noticed Robin
  3644 | D:2      | Killed Robin
  3875 | D:2      | Found a runed door.
  3998 | D:2      | Noticed Natasha
  4018 | D:2      | Killed Natasha
  4636 | D:2      | Reached XP level 6. HP: 16/66 MP: 6/6
  4973 | D:3      | Noticed Grinder
  5545 | D:4      | Noticed ArgaWasAlreadyTaken's ghost (amateur GrFi)
  5935 | D:3      | Paralysed by Grinder for 7 turns
  5946 | D:3      | HP: 3/67 [Grinder/nerve-wracking pain (10)]
  6350 | D:2      | Noticed Crazy Yiuf
  6357 | D:2      | Killed Crazy Yiuf
  6700 | D:3      | Killed Grinder
  6700 | D:3      | Reached skill level 5 in Axes
  6700 | D:3      | Reached XP level 7. HP: 39/75 MP: 7/7
  7719 | D:4      | Noticed Edmund
  7727 | D:5      | Entered Level 5 of the Dungeon
  8025 | D:5      | Found a glowing drain.
  8042 | Sewer    | Entered a sewer
  8252 | Sewer    | Reached XP level 8. HP: 87/87 MP: 8/8
  8714 | D:5      | Found a glowing golden altar of the Shining One.
  8963 | D:4      | Noticed Blork the orc
  8975 | D:4      | Reached skill level 5 in Shields
  8978 | D:4      | Killed Blork the orc
  9176 | D:4      | Killed Edmund
  9498 | D:4      | Killed ArgaWasAlreadyTaken's ghost
  9979 | D:4      | Found a staircase to the Ecumenical Temple.
  9991 | Temple   | Entered the Ecumenical Temple
 10001 | Temple   | Became a worshipper of Warmaster Okawaru
 10135 | D:6      | Reached skill level 1 in Invocations
 10149 | D:6      | Reached XP level 9. HP: 79/96 MP: 9/9
 10578 | D:6      | Found a blossoming altar of Fedhas.
 10735 | D:7      | Reached * piety under Okawaru
 11274 | D:7      | Noticed a two-headed ogre
 11295 | D:7      | Killed a two-headed ogre
 11606 | D:7      | Reached XP level 10. HP: 91/107 MP: 13/13
 11782 | D:7      | Reached ** piety under Okawaru
 12079 | D:7      | Found Pibis's Antique Armour Boutique.
 12138 | D:8      | Noticed a two-headed ogre
 12148 | D:8      | Killed a two-headed ogre
 12148 | D:8      | Reached skill level 10 in Fighting
 12148 | D:8      | Reached skill level 10 in Axes
 12267 | D:8      | Noticed Erica
 12273 | D:8      | Killed from afar by Erica

Vault maps used:
D:1:      minmay_arrival_jagged, hex_medium, minmay_shallow_snake_nest
D:2:      uniq_robin, uniq_natasha, uniq_crazy_yiuf_cottage, uniq_jessica
D:3:      first_ration, uniq_grinder
D:4:      minmay_temple_entry_fiery, wad_floor_pattern_1, uniq_blork_the_orc,
          uniq_edmund
D:5:      cheibrodos_sewer_entry_bend, nicolae_tso_carved_into_rock
D:6:      fedhas_altar_1
D:7:      serial_shops, kennysheep_little_box
D:8:      gammafunk_temple_overflow_claw, uniq_erica
Temple:   nicolae_temple_no_exploring_needed
Sewer:    sewer_frog_island_01

Skill      XL: |  1  2  3  4  5  6  7  8  9 10 |
---------------+-------------------------------+-----
Dodging        | 3 |  3.0
Shields        | 3 4 5 6 7 |  7.1
Axes           | 3 4 5 6 7 9 10 | 10.2
Fighting       | 5 6 7 8 9 10 | 10.1
Invocations    | 1 4 |  4.0

Action                   |  1- 3 |  4- 6 |  7- 9 | 10-12 || total
-------------------------+-------+-------+-------+-------++-------
Melee: War axe           |    46 |    56 |   314 |    55 ||   471
       Hand axe          |    80 |   235 |       |       ||   315
Throw: Stone             |       |     4 |       |       ||     4
Invok: Heroism           |       |       |     1 |     1 ||     2
Evoke: Wand              |       |       |     2 |       ||     2
  Use: Potion            |     2 |     3 |       |       ||     5
       Scroll            |       |     4 |     7 |       ||    11
 Stab: Sleeping          |     1 |     3 |       |       ||     4
  Eat: Chunk             |     4 |    10 |    18 |     2 ||    34
       Ration            |       |     1 |     1 |       ||     2
Armor: Robe              |    49 |    53 |    90 |     8 ||   200
Dodge: Dodged            |    47 |   100 |    91 |     7 ||   245
Block: Shield            |    62 |   106 |   137 |    22 ||   327

Table legend:
 A = Spawn XP
 B = Non-spawn XP
 C = Spawn XP percentage of total XP
 D = Spawn monster count
 E = Non-spawn monster count
 F = Spawn count percentage of total count
 G = Total turns spent on level
                    A         B        C        D         E        F      G
               +---------+---------+-------+---------+---------+-------+---------
         Total |       0 |    6281 |   0.0 |       0 |     197 |   0.0 | 12273
               +---------+---------+-------+---------+---------+-------+---------
           D:1 |       0 |      58 |   0.0 |       0 |      28 |   0.0 |  2644
           D:2 |       0 |     305 |   0.0 |       0 |      39 |   0.0 |  3111
           D:3 |       0 |     342 |   0.0 |       0 |      16 |   0.0 |  1437
           D:4 |       0 |     779 |   0.0 |       0 |      14 |   0.0 |  1603
           D:5 |       0 |     431 |   0.0 |       0 |      16 |   0.0 |  1018
           D:6 |       0 |     813 |   0.0 |       0 |      23 |   0.0 |   592
           D:7 |       0 |    2148 |   0.0 |       0 |      32 |   0.0 |  1443
           D:8 |       0 |    1278 |   0.0 |       0 |      11 |   0.0 |   178
         Sewer |       0 |     127 |   0.0 |       0 |      18 |   0.0 |   226
               +---------+---------+-------+---------+---------+-------+---------
